 Dungeon Crawl Stone Soup version 0.29.1-12-g30fa7ad0bf (webtiles) character file.

Game seed: 6284738347628423882

423 yarg321 the Cudgeller (level 6, -1/39 HPs)
             Began as a Gargoyle Fighter on Dec 12, 2022.
             Slain by a scorpion (5 damage)
             ... on level 3 of the Dungeon.
             The game lasted 00:03:34 (2636 turns).

yarg321 the Cudgeller (Gargoyle Fighter)            Turns: 2636, Time: 00:03:34

Health: -1/39      AC: 11    Str: 22    XL:     6   Next: 95%
Magic:  6/6        EV:  9    Int:  8    God:
Gold:   102        SH:  4    Dex:  9    Spells: 5/5 levels left

rFire   . . .      SeeInvis .   a - +0 flail
rCold   . . .      Faith    .   c - +0 buckler
rNeg    + . .      Spirit   .   b - +0 scale mail
rPois   ∞          Reflect  .   (no helmet)
rElec   +          Harm     .   (no cloak)
rCorr   .          Rampage  .   (no gloves)
Will    .....                   (no boots)
Stlth   ..........              (no amulet)
HPRegen 0.13/turn               (no ring)
MPRegen 0.10/turn               (no ring)

@: mighty
A: sickness immunity, AC +4, negative energy resistance 1, electricity
resistance, torment resistance 1, petrification resistance
a: no special abilities


You were on level 3 of the Dungeon.
You visited 1 branch of the dungeon, and saw 3 of its levels.

You collected 102 gold pieces.

Inventory:

Hand Weapons
 a - a +0 flail (weapon)
Armour
 b - a +0 scale mail (worn)
 c - a +0 buckler (worn)
Jewellery
 i - an amulet of the acrobat
Wands
 p - a wand of polymorph (9)
Scrolls
 e - a scroll of torment {unknown}
 f - a scroll of immolation {unknown}
 h - a scroll of poison {unknown}
 j - a scroll of vulnerability {unknown}
 k - a scroll of identify {unknown}
 l - a scroll of blinking {unknown}
 o - a scroll of brand weapon {unknown}
Potions
 d - a potion of attraction {unknown}
 g - a potion of heal wounds {unknown}
 m - a potion of cancellation {unknown}
 n - a potion of invisibility {unknown}
 q - a potion of might


   Skills:
 + Level 4.4 Fighting
 + Level 5.2 Maces & Flails
 + Level 5.0 Armour
 + Level 3.9 Shields


You had 5 spell levels left.
You didn't know any spells.
Your spell library contained the following spells:

 Spells                   Type           Power      Damage    Failure   Level
 Freeze                   Ice            0%         1d3       80%         1
 Frozen Ramparts          Ice            0%         1d1       99%         3
 Ozocubu's Armour         Ice            0%         N/A       99%         3
 Hailstorm                Conj/Ice       0%         3d3       100%        4
 Ozocubu's Refrigeration  Ice            0%         4d7       100%        7


Dungeon Overview and Level Annotations

Branches:
Dungeon (3/15)

Altars:

Shops:
D:1 =


Innate Abilities, Weirdness & Mutations

You are immune to sickness and miasma.
Your stone body is resilient. (AC +4)
You are immune to poison.
You resist negative energy. (rN+)
You are resistant to electric shocks. (rElec)
You are resistant to unholy torment.
You are immune to petrification.


Message History

You hit the gnoll but do no damage.
The gnoll is heavily wounded.
You block the gnoll's attack.
A hobgoblin comes into view.
The gnoll hits you but does no damage.
The hobgoblin shouts!
You hit the gnoll.
The gnoll is almost dead.
The gnoll hits you with a +0 flail.
You barely miss the gnoll.
The gnoll is almost dead.
The gnoll hits you with a +0 club. The gnoll barely misses you.
A scorpion comes into view.
You hit the gnoll.
You kill the gnoll!
The gnoll barely misses you. The gnoll hits you with a +0 flail!
You are too injured to fight recklessly!
You are too injured to fight recklessly!
You are too injured to fight recklessly!
You are too injured to fight recklessly!
You are too injured to fight recklessly!
You are too injured to fight recklessly!
Okay, then.
The gnoll barely misses you.
You barely miss the gnoll. The gnoll hits you with a +0 club.
* * * LOW HITPOINT WARNING * * *
You block the gnoll's attack.
You barely miss the gnoll. The gnoll hits you with a +0 club.
* * * LOW HITPOINT WARNING * * *
The gnoll hits you but does no damage. You block the hobgoblin's attack.
The gnoll closely misses you. You block the hobgoblin's attack.
The gnoll barely misses you.
You barely miss the gnoll. The gnoll barely misses you.
The hobgoblin hits you but does no damage.
The gnoll hits you with a +0 flail.
* * * LOW HITPOINT WARNING * * *
The scorpion stings you but does no damage.
You feel very mighty all of a sudden. The scorpion stings you.
You die...

.... #..#
#.....#...#
.....#.####
#.#...#.###
#.....#
#.#####.#
#.#...#
#.......#
#..#)..#
#########
...##...####
#####.......#
#sgg....#
#.@g....#
+.......#
#.......#
#.......#
####'#### #.#
#.# ..# ###


You could see a scorpion, 2 gnolls and a hobgoblin.

Vanquished Creatures
  Grinder (D:3)
  Sigmund (D:2)
  Ijyb (D:3)
  A gnoll (D:3)
  4 worms (D:2)
  5 endoplasms (D:1)
  2 giant cockroaches
  3 goblins
  5 hobgoblins
  6 jackals
  3 kobolds
  A quokka (D:1)
  2 ball pythons
  4 bats
  2 frilled lizards
  3 rats
44 creatures vanquished.

Notes
Turn   | Place    | Note
-------+----------+-------------------------------------------
     0 | D:1      | yarg321 the Gargoyle Fighter began the quest for the Orb.
     0 | D:1      | Reached XP level 1. HP: 14/14 MP: 1/1
   445 | D:1      | Reached XP level 2. HP: 19/19 MP: 2/2
   874 | D:1      | Found Qol Sek's Jewellery Shop.
  1051 | D:1      | Reached XP level 3. HP: 23/23 MP: 3/3
  1210 | D:1      | Found a faded altar of an unknown god.
  1803 | D:2      | Noticed Sigmund
  1808 | D:2      | Killed Sigmund
  1809 | D:2      | Reached XP level 4. HP: 22/29 MP: 4/4
  1809 | D:2      | Reached XP level 5. HP: 25/33 MP: 5/5
  2428 | D:3      | Noticed Ijyb
  2436 | D:3      | Killed Ijyb
  2437 | D:3      | Reached XP level 6. HP: 29/38 MP: 6/6
  2598 | D:3      | Noticed Grinder
  2608 | D:3      | Paralysed by Grinder for 4 turns
  2624 | D:3      | Killed Grinder
  2625 | D:3      | Reached skill level 5 in Maces & Flails
  2625 | D:3      | Reached skill level 5 in Armour
  2636 | D:3      | Slain by a scorpion

Illustrated notes

Levels and vault maps discovered:
D:1:      co_arrival_random_square_maze, layout_loops_ring,
          shapermc_ecumenical_altar_mp_vishouse, serial_shops, shop,
          serial_bayou_pond_d
D:2:      layout_basic, uniq_sigmund
D:3:      layout_basic, minmay_tree_intersection, uniq_robin, uniq_ijyb,
          uniq_grinder, uniq_natasha

Skill      XL: |  1  2  3  4  5  6 |
---------------+-------------------+-----
Fighting       | 4 |  4.4
Maces & Flails | 4 5 |  5.2
Armour         | 4 5 |  5.0
Shields        | |  3.9

Action                   |  1- 3 |  4- 6 || total
-------------------------+-------+-------++-------
Melee: Flail             |   102 |    50 ||   152
  Use: Potion            |     1 |     1 ||     2
Armor: Scale mail        |    49 |    30 ||    79
Dodge: Dodged            |    47 |    25 ||    72
Block: Buckler           |    15 |    17 ||    32
